 Dungeon Crawl Stone Soup version 0.18.1-1-g2f07953 (webtiles) character file.

29653 Danakh the Blocker (level 13, -1/119 HPs)
             Began as a Minotaur Fighter on May 21, 2016.
             Was an Elder of Ru.
             Slain by a death yak (14 damage)
             ... on level 4 of the Lair of Beasts.
             The game lasted 00:24:07 (12439 turns).

Danakh the Blocker (Minotaur Fighter)              Turns: 12439, Time: 00:24:08

Health: -1/119     AC: 27    Str: 26    XL:     13   Next: 16%
Magic:  26/26      EV:  5    Int:  5    God:    Ru [****..]
Gold:   1005       SH: 22    Dex: 10    Spells: 0 memorised, 12 levels left

rFire  . . .     SeeInvis .     x - +0 war axe (drain)
rCold  + . .     Gourm    .     S - +5 plate armour "Qeumamukk" {rC+ MP+9}
rNeg   . . .     Faith    .     J - +0 large shield
rPois  +         Spirit   .     (helmet restricted)
rElec  .         Dismiss  .     r - +2 cloak
rCorr  .         Reflect  +     y - +1 pair of gloves
SustAt .         Harm     .     (no boots)
MR     .....     Rnd*Tele +     A - +3 amulet of reflection
Stlth  ..........               W - ring of poison resistance
                                Y - ring of teleportation (curse)

@: not resistant to hostile enchantments, extremely unstealthy
A: retaliatory headbutt, horns 2, no stealth, inability to train dodging, no air
magic, no charms magic, no necromancy magic, magic vulnerability 1
a: Draw Out Power, Power Leap, Renounce Religion


You were on level 4 of the Lair of Beasts.
You worshipped Ru.
Ru was greatly pleased with you.
You were not hungry.

You visited 3 branches of the dungeon, and saw 16 of its levels.
You also visited: Labyrinth and Ossuary.

You collected 1005 gold pieces.

Inventory:

Hand Weapons
 x - a +0 war axe of draining (weapon)
Armour
 r - a +2 cloak (worn)
 y - a +1 pair of gloves (worn)
 J - a +0 large shield (worn)
 S - the +5 plate armour "Qeumamukk" (worn) {rC+ MP+9}
   (You found it on level 9 of the Dungeon)

   It protects you from cold.
   It affects your magic capacity (+9).
Jewellery
 e - an uncursed ring of protection from cold {unknown}
 A - a +3 amulet of reflection (around neck)
 Q - an uncursed ring of sustain attributes {unknown}
 W - a ring of poison resistance (right hand)
 Y - a cursed ring of teleportation (left hand)
Wands
 l - a wand of confusion (28/48)
 C - a wand of confusion (22/48)
 N - a wand of disintegration (18/24)
 P - a wand of iceblast (12/15)
 R - a wand of acid (8/15)
 T - a wand of iceblast (6/15)
 U - a wand of lightning (9/15)
 X - a wand of iceblast (8/15)
Scrolls
 d - 2 scrolls of identify {unknown}
 j - a scroll of recharging {unknown}
 k - a scroll of remove curse {unknown}
 m - 3 scrolls of teleportation {unknown}
 o - a scroll of fog {unknown}
 s - a scroll of enchant armour {unknown}
Potions
 g - a potion of might
 i - a potion of curing {unknown}
 n - a potion of heal wounds {unknown}
Books
 a - a Young Poisoner's Handbook

   Spells                             Type                      Level
   a - Sting                          Conjuration/Poison           1
   b - Cure Poison                    Poison                       2
   c - Mephitic Cloud                 Conjuration/Poison/Air       3
   d - Olgreb's Toxic Radiance        Poison                       4
   e - Venom Bolt                     Conjuration/Poison           5
 p - a book of Clouds

   Spells                             Type                      Level
   a - Mephitic Cloud                 Conjuration/Poison/Air       3
   b - Conjure Flame                  Conjuration/Fire             3
   c - Poisonous Cloud                Conjuration/Poison/Air       6
   d - Freezing Cloud                 Conjuration/Ice/Air          6
   e - Ring of Flames                 Charms/Fire                  7
Miscellaneous
 c - a phantom mirror
Comestibles
 b - 2 royal jellies
 f - 12 bread rations
 h - 8 meat rations
 q - 4 chunks of flesh
 z - 10 fruits
 K - a beef jerky
 L - 8 slices of pizza


   Skills:
 - Level 12.6 Fighting
 - Level 12.7 Axes
 - Level 12.8 Armour
 - Level 12.9 Shields
 + Level 7.6 Evocations


You had 12 spell levels left.
You didn't know any spells.

Dungeon Overview and Level Annotations

Branches:
Dungeon (11/15)            Temple (1/1) D:4            Lair (4/8) D:10
  Swamp: Lair:3-6    Shoals: Lair:3-6     Snake: Lair:3-6    Spider: Lair:3-6
    Orc: D:9-12

Altars:
Ashenzari
Cheibriados
Dithmenos
Elyvilon
Fedhas
Gozag
Kikubaaqudgha
Makhleb
Nemelex Xobeh
Okawaru
Pakellas
Qazlal
Ru
Sif Muna
Trog
Vehumet
Xom
Yredelemnul
Zin
The Shining One

Shops:
D:6 (


Innate Abilities, Weirdness & Mutations

You reflexively headbutt those who attack you in melee.
You have a pair of horns on your head.
You cannot be stealthy.
You cannot train Dodging skill.
You cannot study or cast Air magic.
You cannot study or cast Charms magic.
You cannot study or cast Necromancy magic.
You are slightly vulnerable to magic.


Message History

You are too injured to fight recklessly!
Unknown command.
Your shield and plate armour "Qeumamukk" prevent you from hitting the death yak.
The death yak is lightly wounded.
You block the death yak's attack.
You hit the death yak but do no damage.
The death yak is lightly wounded.
The death yak gores you!
* * * LOW HITPOINT WARNING * * *
You hit the death yak.
The death yak is lightly wounded.
The death yak gores you.
* * * LOW HITPOINT WARNING * * *
You slash the death yak! You headbutt the death yak.
The death yak is moderately wounded.
The death yak barely misses you.
You completely miss the death yak.
The death yak is moderately wounded.
You hit the death yak but do no damage. The death yak gores you!
You die...

....... ...............
....... ................
....... .................
....... ..................
....... ..................
....... ..............>...
....... .!........YY......
....... ..........@.......
....... ..................
....... ......†...........
....... ..................
....... ......†...........
..................
..................
..................>........
...........................


You could see 2 death yaks.

Vanquished Creatures
  A minotaur (Lab)
  Harold (Lair:4)
  2 hydras (Lair:1)
  7 death yaks (Lair:4)
  2 unseen horrors
  3 hill giants
  5 black mambas
  Joseph (Lair:1)
  6 spiny frogs
  9 komodo dragons
  A rime drake (Lair:4)
  A troll (D:9)
  8 blink frogs
  A giant leech (Lair:4)
  2 redbacks (Lab)
  A wyvern (D:11)
  A human (D:7)
  A basilisk (Lair:2)
  A steam dragon (Lair:4)
  A hungry ghost (D:7)
  2 hippogriffs (Lair:1)
  28 yaks
  Edmund (D:6)
  9 porcupines
  4 water moccasins
  4 black bears
  4 ogres
  3 orc warriors
  3 sky beasts
  4 phantoms
  A wasp (Lair:2)
  7 centaurs
  3 crocodiles
  An elf zombie (Ossuary)
  9 giant frogs
  2 big kobolds
  A wyvern zombie (D:11)
  A gnoll sergeant (D:9)
  2 scorpions
  4 howler monkeys (D:10)
  3 crimson imps
  A wasp zombie (D:8)
  A centaur zombie (Ossuary)
  A quasit (D:9)
  3 hounds
  13 orc priests
  3 jellies
  2 giant frog skeletons
  Jessica (D:3)
  4 iguanas
  15 orc wizards
  6 worker ants
  14 sheep
  3 big kobold zombies (Ossuary)
  3 hound skeletons
  A hound zombie (D:6)
  2 mummies (Ossuary)
  A worker ant zombie (D:5)
  Robin (D:4)
  11 gnolls
  19 adders
  25 river rats (Lair:2)
  4 shadow imps
  3 oozes
  An adder skeleton (D:5)
  2 worms
  A dart slug (D:1)
  5 giant geckos
  36 orcs
  A ball python (D:8)
  2 giant cockroaches
  9 hobgoblins
  6 jackals
  4 quokkas
  7 bats
  A giant gecko skeleton (D:3)
  4 giant newts
  13 goblins
  2 goblin zombies (Ossuary)
  10 hobgoblin zombies (Ossuary)
  7 kobolds
  9 kobold zombies (Ossuary)
  8 orc zombies (Ossuary)
  A quokka skeleton (D:5)
  6 rats
  3 rat zombies (Ossuary)
  5 fungi
  2 plants (Lair:2)
433 creatures vanquished.

Vanquished Creatures (others)
  A black mamba (Lair:4)
  A crocodile (Lair:3)
  2 iguanas
  A fungus (Lair:3)
5 creatures vanquished.

Grand Total: 438 creatures vanquished

Notes
Turn   | Place    | Note
--------------------------------------------------------------
     0 | D:1      | Danakh the Minotaur Fighter began the quest for the Orb.
     0 | D:1      | Reached XP level 1. HP: 19/19 MP: 0/0
   334 | D:1      | Reached XP level 2. HP: 27/27 MP: 1/1
   984 | D:2      | Reached XP level 3. HP: 22/33 MP: 2/2
  1627 | D:3      | Noticed Jessica
  1631 | D:3      | Killed Jessica
  1631 | D:3      | Reached XP level 4. HP: 40/40 MP: 3/3
  2040 | D:4      | Noticed Robin
  2054 | D:4      | Killed Robin
  2054 | D:4      | Reached XP level 5. HP: 29/47 MP: 4/4
  2079 | D:4      | Found Bessaa's Assorted Antiques.
  2112 | D:4      | Found an iron altar of Okawaru.
  2118 | D:4      | Noticed a phantom
  2135 | D:4      | Killed a phantom
  2167 | D:4      | Reached skill level 5 in Armour
  2265 | D:4      | Reached skill level 5 in Axes
  2265 | D:4      | Reached skill level 5 in Shields
  2265 | D:4      | Reached XP level 6. HP: 51/55 MP: 5/5
  2295 | D:4      | Found a sand-covered staircase.
  2300 | Ossuary  | Entered an ossuary
  2341 | Ossuary  | Reached skill level 5 in Fighting
  2495 | Ossuary  | Reached XP level 7. HP: 46/61 MP: 6/6
  2671 | D:4      | Found a staircase to the Ecumenical Temple.
  2786 | Temple   | Entered the Ecumenical Temple
  2892 | Temple   | Became a worshipper of Ru the Awakened
  3148 | D:5      | Entered Level 5 of the Dungeon
  3490 | D:5      | Found a basalt altar of Yredelemnul.
  3952 | D:6      | Reached XP level 8. HP: 65/70 MP: 7/7
  4005 | D:6      | Noticed Edmund
  4016 | D:6      | Killed Edmund
  4020 | D:6      | Found Woam Wapire's Antique Weapon Shoppe.
  4142 | D:6      | Gained mutation: You cannot study or cast Air magic. [Ru sacrifice]
  4142 | D:6      | Gained mutation: You cannot study or cast Necromancy magic. [Ru sacrifice]
  4142 | D:6      | Gained mutation: You cannot study or cast Charms magic. [Ru sacrifice]
  4142 | D:6      | Reached * piety under Ru
  4665 | D:7      | Reached XP level 9. HP: 79/79 MP: 8/8
  5246 | D:7      | Reached skill level 10 in Axes
  5817 | D:8      | Got a transparent chain mail
  5828 | D:8      | Identified the +1 chain mail of Pejyc {+Fly Dex+2} (You found it on level 8 of the Dungeon)
  6446 | D:8      | Reached XP level 10. HP: 90/90 MP: 9/9
  6776 | D:9      | Got a faintly humming plate armour
  6787 | D:9      | Identified the +5 plate armour "Qeumamukk" {rC+ MP+9} (You found it on level 9 of the Dungeon)
  7160 | D:10     | Entered Level 10 of the Dungeon
  7169 | D:10     | Gained mutation: You cannot train Dodging skill. [Ru sacrifice]
  7169 | D:10     | Reached ** piety under Ru
  7251 | D:10     | Noticed an unseen horror
  7256 | D:10     | Killed an unseen horror
  7399 | D:10     | Noticed a hill giant
  7408 | D:10     | Killed a hill giant
  7514 | D:10     | You fall through a shaft!
  7804 | D:11     | Noticed a hill giant
  7813 | D:11     | Killed a hill giant
  7813 | D:11     | Reached skill level 10 in Armour
  7961 | D:11     | Reached skill level 10 in Shields
  8003 | D:11     | Noticed a hill giant
  8015 | D:11     | Killed a hill giant
  8015 | D:11     | Reached skill level 10 in Fighting
  8071 | D:11     | Reached XP level 11. HP: 76/99 MP: 10/10
  8202 | D:11     | Noticed an unseen horror
  8208 | D:11     | Killed an unseen horror
  8589 | D:10     | Found a staircase to the Lair.
  8627 | Lair:1   | Entered Level 1 of the Lair of Beasts
  8635 | Lair:1   | Noticed Joseph
  8649 | Lair:1   | Killed Joseph
  8709 | Lair:1   | Gained mutation: You cannot be stealthy. [Ru sacrifice]
  8709 | Lair:1   | Reached *** piety under Ru
  8710 | Lair:1   | Noticed a four-headed hydra
  8717 | Lair:1   | Killed a nine-headed hydra
  9156 | Lair:1   | Found a labyrinth entrance.
  9196 | Lab      | Entered a labyrinth
  9300 | Lab      | Noticed a minotaur
  9314 | Lab      | Killed a minotaur
  9317 | Lab      | Got a distressingly furry chain mail
  9320 | Lab      | Identified the Incunabulum of the Birds and the Traveller
  9661 | Lair:1   | Reached skill level 1 in Evocations
  9728 | Lair:1   | Noticed a four-headed hydra
  9737 | Lair:1   | Killed a six-headed hydra
 10012 | Lair:2   | Identified the +3 chain mail "Zuowuyk" {+Fly} (You took it off a minotaur in a labyrinth)
 10087 | Lair:2   | Reached XP level 12. HP: 67/110 MP: 12/12
 11165 | Lair:3   | Gained mutation: You are slightly vulnerable to magic. [Ru sacrifice]
 11165 | Lair:3   | Reached **** piety under Ru
 11984 | Lair:4   | Noticed Harold
 12006 | Lair:4   | Killed Harold
 12091 | Lair:4   | Reached skill level 5 in Evocations
 12263 | Lair:4   | Noticed a death yak
 12264 | Lair:4   | Noticed a death yak
 12265 | Lair:4   | Noticed a death yak
 12281 | Lair:4   | Killed a death yak
 12405 | Lair:4   | Noticed a death yak
 12406 | Lair:4   | Noticed a death yak
 12407 | Lair:4   | Noticed a death yak
 12407 | Lair:4   | Noticed a death yak
 12407 | Lair:4   | Noticed a death yak
 12407 | Lair:4   | Noticed a death yak
 12417 | Lair:4   | Killed a death yak
 12417 | Lair:4   | Reached XP level 13. HP: 85/119 MP: 16/16
 12439 | Lair:4   | Slain by a death yak

Skill      XL: |  1  2  3  4  5  6  7  8  9 10 11 12 13 |
---------------+----------------------------------------+-----
Axes           | 3 4 5 7 9 10 12 | 12.7
Fighting       | 4 5 6 7 8 10 11 12 | 12.6
Shields        | 4 5 6 7 8 10 11 12 | 12.9
Armour         | 4 5 6 7 8 10 11 12 | 12.8
Evocations     | 2 6 7 |  7.6

Action                   |  1- 3 |  4- 6 |  7- 9 | 10-12 | 13-15 || total
-------------------------+-------+-------+-------+-------+-------++-------
Melee: War axe           |    78 |   155 |   336 |   725 |    19 ||  1313
       Headbutt          |    10 |    34 |    63 |   171 |     7 ||   285
Invok: Sacrifice Arcana  |       |       |     1 |       |       ||     1
       Sacrifice Nimblen |       |       |       |     1 |       ||     1
       Draw Out Power    |       |       |       |     1 |       ||     1
       Sacrifice Stealth |       |       |       |     1 |       ||     1
       Sacrifice Essence |       |       |       |     1 |       ||     1
 Stab: Distracted        |       |       |     1 |     2 |       ||     3
       Invisible         |       |       |       |     6 |     2 ||     8
       Paralysed         |       |       |       |     3 |       ||     3
  Eat: Chunk             |     1 |     4 |     8 |    19 |       ||    32
       Meat ration       |       |       |     1 |       |       ||     1
       Fruit             |       |       |     1 |       |       ||     1
       Pizza             |       |       |     1 |       |       ||     1
       Beef jerky        |       |       |       |     1 |       ||     1
Armor: Scale mail        |    23 |    58 |    87 |       |       ||   168
       Chain mail        |       |       |    25 |    10 |       ||    35
       Plate armour      |       |       |       |   309 |     5 ||   314
Dodge: Dodged            |    23 |    42 |    76 |    64 |     4 ||   209
Block: Shield            |    49 |    70 |   154 |   203 |       ||   476
       Reflection        |       |       |     4 |     9 |       ||    13
       Large shield      |       |       |       |   362 |    22 ||   384
